 Dungeon Crawl Stone Soup version 0.30.0-29-ga12c61a403 (webtiles) character file.

Game seed: 1113999716892028890

24 qw the Shield-Bearer (level 3, -2/23 HPs)
             Began as a Gargoyle Fighter on June 3, 2023.
             Slain by Sigmund
             ... wielding a +0 scythe
              (9 damage)
             ... on level 2 of the Dungeon.
             The game lasted 00:00:32 (933 turns).

qw the Shield-Bearer (Gargoyle Fighter)              Turns: 933, Time: 00:00:32

Health: -2/23      AC: 10    Str: 21    XL:     3   Next: 2%
Magic:  3/3        EV:  9    Int:  8    God:
Gold:   33         SH:  0    Dex:  9    Spells: 2/2 levels left

rFire   . . .        Y - +0 war axe
rCold   . . .        c - +0 buckler
rNeg    + . .        b - +0 scale mail
rPois   inf          (no helmet)
rElec   +            (no cloak)
rCorr   .            (no gloves)
SInv    .            (no boots)
Will    .....        (no amulet) Stlth
                     (no ring)
HPRegen 0.23/turn    (no ring)
MPRegen 0.08/turn

%: no passive effects
@: confused
A: sickness immunity, AC +3, negative energy resistance 1, electricity
resistance, torment resistance 1, petrification resistance
a: no special abilities


You were on level 2 of the Dungeon.
You visited 1 branch of the dungeon, and saw 2 of its levels.

You collected 33 gold pieces.


Innate Abilities, Weirdness & Mutations

You are immune to sickness and miasma.
Your stone body is resilient. (AC +3)
You are immune to poison.
You resist negative energy. (rN+)
You are resistant to electric shocks. (rElec)
You are resistant to unholy torment.
You are immune to petrification.


   Skills:
 - Level 3.2 Fighting
 + Level 3.1 Axes
 - Level 3.2 Armour
 - Level 3.2 Shields


You had 2 spell levels left.
You didn't know any spells.
Your spell library was empty.

Inventory:

Hand Weapons
 j - a +0 flail
 Y - a +0 war axe (weapon)
Armour
 b - a +0 scale mail (worn)
 c - a +0 buckler (worn)
Scrolls
 a - a scroll of enchant armour {unknown}
 e - a scroll of identify {unknown}
 f - a scroll of teleportation {unknown}
Potions
 d - a potion of might
 g - a potion of haste {unknown}
 h - a potion of lignification {unknown}

Dungeon Overview and Level Annotations

Branches:
Dungeon (2/15)

Altars:

Shops:
D:1 =

Annotations:
D:2 Sigmund


Message History

You swing at nothing.
Something hits you.
You swing at nothing.
Something hits you.
You swing at nothing.
You hear some strange, mumbled words.
You are confused.
You bump into the rock wall.
Something hits you! Something hits you.
You bump into the rock wall.
Something hits you but does no damage.
You feel less confused. Something hits you.
You see here 3 gold pieces.
You swing at nothing.
Something hits you but does no damage.
You swing at nothing.
You swing at nothing.
Something hits you.
You swing at nothing.
Something hits you but does no damage.
You swing at nothing.
Something hits you but does no damage.
You swing at nothing.
You hear some strange, mumbled words.
You are confused.
You're too confused to move!
Something hits you but does no damage.
You bump into the rock wall.
Something hits you but does no damage. Something hits you but does no damage.
You miss something. Something hits you.
You miss something.
You hear some strange, mumbled words.
You are more confused.
You closely miss something. Something hits you!
You die...

.....# #.##.# ####.#
#.......###.##.# ##
#.......#......# ..
+.......+..>...# ##
#.......#.....##
........###'########
......# #.........
#..{# #.........
####.
#..@###.........
.....
##$.............
#### ######.....)...
# #......... #
#......... #
#.###...## # #.#
...# # #.# ... #.#
..


There were no monsters in sight!

Vanquished Creatures
  An endoplasm (D:1)
  3 giant cockroaches (D:1)
  5 goblins (D:1)
  2 hobgoblins (D:1)
  A quokka (D:1)
  2 ball pythons (D:1)
  A bat (D:2)
  3 frilled lizards (D:1)
  2 kobolds (D:1)
  4 rats
24 creatures vanquished.

Notes
Turn   | Place    | Note
-------+----------+-------------------------------------------
     0 | D:1      | qw the Gargoyle Fighter began the quest for the Orb.
     0 | D:1      | Reached XP level 1. HP: 14/14 MP: 1/1
     0 | D:1      | 0 ||| qw: Version: 0.2-a-103-g3a7daa1
     0 | D:1      | 0 ||| qw: Game counter: 956
     0 | D:1      | 0 ||| qw: Always use a shield: true
     0 | D:1      | 0 ||| qw: God list: Okawaru
     0 | D:1      | 0 ||| qw: Allow faded altars: false
     0 | D:1      | 0 ||| qw: Do Orc after D:15 true
     0 | D:1      | 0 ||| qw: Do second Lair branch before Depths: true
     0 | D:1      | 0 ||| qw: Lair rune preference: random
     0 | D:1      | 0 ||| qw: Plans: Normal, Zot:1-4, Slime:5, God:TSO, Crypt,
                  | Tomb, Pan, Hells, Abyss, Win
     0 | D:1      | 0 ||| PLANNING D:1-11
   205 | D:1      | Reached XP level 2. HP: 19/19 MP: 2/2
   329 | D:1      | 329 ||| Stepping ~*~*~tactically~*~*~ (stealth).
   549 | D:1      | Found Nutisof's Jewellery Shoppe.
   557 | D:1      | 557 ||| SHOPLISTING +4 ring of protection (396 gold, have
                  | 20).
   557 | D:1      | 557 ||| SHOPLISTING ring "Unisor" {rC- rN+ rCorr Dex+2}
                  | (327 gold, have 20).
   557 | D:1      | 557 ||| SHOPLISTING ring of ice (275 gold, have 20).
   557 | D:1      | 557 ||| SHOPLISTING ring of positive energy (220 gold, have
                  | 20).
   557 | D:1      | 557 ||| SHOPLISTING ring of protection from cold (275 gold,
                  | have 20).
   603 | D:1      | 603 ||| Stepping ~*~*~tactically~*~*~ (stealth).
   606 | D:1      | Reached skill level 3 in Axes
   607 | D:1      | 607 ||| Stepping ~*~*~tactically~*~*~ (stealth).
   658 | D:1      | 658 ||| DROPPING +0 mace.
   659 | D:1      | 659 ||| DROPPING amulet of magic regeneration.
   660 | D:1      | 660 ||| READING scroll labelled ABBOOTZ RYURR.
   708 | D:2      | Reached XP level 3. HP: 23/23 MP: 3/3
   723 | D:2      | 723 ||| Stepping ~*~*~tactically~*~*~ (stealth).
   802 | D:2      | Found a faded altar of an unknown god.
   823 | D:2      | Identified the +0 dagger of Doul {heavy, rC+ Stlth+}
   908 | D:2      | Noticed Sigmund
   933 | D:2      | Slain by Sigmund

Levels and vault maps discovered:
D:1:      giann_forest_graveyard, layout_basic, serial_shops, shop
D:2:      layout_basic, basic_ecumenical_altar, uniq_sigmund

Skill      XL: |  1  2 |
---------------+-------+-----
Axes           | 2 3 |  3.1
Fighting       | |  3.2
Armour         | |  3.2
Shields        | |  3.2

Action                     || total
---------------------------++-------
  Melee: War axe           ||    59
    Use: Scroll            ||     1
 Armour: Scale mail        ||    34
  Dodge: Dodged            ||    20
  Block: Buckler           ||     2

Table legend:
 A = Non-vault XP
 B = Vault XP
 C = Vault XP percentage of total XP
 D = Non-vault monster count
 E = Vault monster count
 F = Vault count percentage of total count
                 A         B        C        D         E       F
            +---------+---------+-------+---------+---------+-------
      Total |      35 |       0 |   0.0 |      24 |       0 |   0.0
            +---------+---------+-------+---------+---------+-------
        D:1 |      33 |       0 |   0.0 |      22 |       0 |   0.0
        D:2 |       2 |       0 |   0.0 |       2 |       0 |   0.0
            +---------+---------+-------+---------+---------+-------
